 Dungeon Crawl Stone Soup version 0.31-a0-876-gfe8ebadbca (webtiles) character file.

Game seed: 6424816319076381576

1682 Newt the Spear-Bearer (level 9, -2/64 (66) HPs)
             Began as a Merfolk Gladiator on Oct 13, 2023.
             Was an Initiate of Hepliaklqana.
             Slain by a wight
             ... wielding a +3 halberd
              (3 damage)
             ... on level 6 of the Dungeon.
             The game lasted 00:08:13 (7274 turns).

Newt the Spear-Bearer (Merfolk Gladiator)           Turns: 7274, Time: 00:08:13

HP:   -2/64 (66)    AC:  5    Str: 18    XL:     9   Next: 2%
MP:   9/9           EV: 16    Int:  7    God:    Hepliaklqana [......]
Gold: 366           SH:  0    Dex: 16    Spells: 8/8 levels left

rFire   . . .        a - +0 trident
rCold   . . .        (no shield)
rNeg    . . .        b - +0 leather armour
rPois   .            c - +0 helmet
rElec   .            (no cloak)
rCorr   .            (no gloves)
SInv    .            f - +0 pair of boots
Will    .....        r - amulet of regeneration
Stlth   +            j - ring of flight
HPRegen 1.10/turn    (no ring)
MPRegen 0.11/turn

%: no passive effects
@: flying, lightly drained
A: (nimble swimmer 2), mertail, frail 1, wild magic 1, sturdy frame 1
a: Renounce Religion


You were on level 6 of the Dungeon.
You worshipped Hepliaklqana.
Hepliaklqana was noncommittal.
You visited 2 branches of the dungeon, and saw 7 of its levels.
You also visited: Ossuary.

You collected 366 gold pieces.

Inventory:

Hand Weapons
 a - a +0 trident (weapon)
Missiles
 d - 3 throwing nets (quivered)
 e - a javelin
Armour
 b - a +0 leather armour (worn)
 c - a +0 helmet (worn)
 f - a +0 pair of boots (worn)
Jewellery
 g - a ring of ice
 j - a ring of flight (left hand)
 o - a ring of ice
 r - an amulet of regeneration (around neck)
 v - an amulet of the acrobat
Wands
 h - a wand of roots (5)
 t - a wand of flame (14)
Scrolls
 m - 3 scrolls of fog
 s - a scroll of teleportation
Potions
 i - 2 potions of attraction
 k - 2 potions of enlightenment
 l - a potion of cancellation
 n - 2 potions of invisibility {unknown}
 u - a potion of degeneration {unknown}
 w - 2 potions of haste {unknown}
 x - 2 potions of ambrosia {unknown}
 A - 2 potions of curing
 B - a potion of brilliance {unknown}


   Skills:
 + Level 7.9 Fighting
 - Level 10.0 Polearms
 - Level 2.0 Throwing
 - Level 8.0 Dodging


You had 8 spell levels left.
You didn't know any spells.
Your spell library contained the following spells:

 Spells                   Type           Power      Damage    Failure   Level
 Sandblast                Erth           0%         2d4       52%         1
 Passwall                 Tmut/Erth      0%         N/A       67%         2
 Sublimation of Blood     Necr           0%         N/A       67%         2
 Wereblood                Tmut           0%         N/A       67%         2
 Stone Arrow              Conj/Erth      0%         3d7       87%         3
 Brom's Barrelling Bould  Conj/Erth      0%         2d3       99%         4
 Summon Hydra             Summ           0%         N/A       100%        7


Dungeon Overview and Level Annotations

Branches:
Dungeon (6/15)             Temple (1/1) D:6         Ossuary (visited)

Altars:
Ashenzari
Cheibriados
Dithmenos
Elyvilon
Fedhas
Gozag
Hepliaklqana
Kikubaaqudgha
Makhleb
Nemelex Xobeh
Okawaru
Qazlal
Ru
Sif Muna
Trog
Uskayaw
Vehumet
Wu Jian
Xom
Yredelemnul
The Shining One

Annotations:
D:5 3 runed translucent doors, SirDiesAlot's ghost, amateur OpVM


Innate Abilities, Weirdness & Mutations

((You are very nimble when in or above water. (Stealth+, EV+, Speed+++)))
Your lower body shifts to a powerful aquatic tail in water.
You are frail. (-10% HP)
Your spells are a little harder to cast, but a little more powerful.
Your movements are slightly less encumbered by armour. (ER -2)


Message History

You reach to attack!
You hit the wight but do no damage. The wight closely misses you.
The iguana barely misses you.
Unknown command.
Unknown command.
Reach: a) +0 trident
Press: ? - help, Dir - move target, f/p - wight
Aim: a wight, wielding a +3 halberd and wearing a +0 robe (about 33% to evade your +0 trident)
You reach to attack!
You hit the wight.
The wight is lightly damaged.
The wight closely misses you. The iguana bites you.
* * * LOW HITPOINT WARNING * * *
Unknown command.
Reach: a) +0 trident
Press: ? - help, Dir - move target, f/p - wight
Aim: a wight, wielding a +3 halberd and wearing a +0 robe (lightly damaged, about 33% to evade your +0 trident)
The iguana is in the way.
You barely miss the iguana.
The iguana is heavily wounded.
The wight misses you. The iguana bites you.
* * * LOW HITPOINT WARNING * * *
Reach: a) +0 trident
Press: ? - help, Dir - move target, f/p - wight
Aim: a wight, wielding a +3 halberd and wearing a +0 robe (lightly damaged, about 33% to evade your +0 trident)
You reach to attack!
You puncture the wight!
The wight is heavily damaged.
Unknown command.
Unknown command.
Reach: a) +0 trident
Press: ? - help, Dir - move target, f/p - wight
Aim: a wight, wielding a +3 halberd and wearing a +0 robe (heavily damaged, about 33% to evade your +0 trident)
The iguana is in the way.
You closely miss the iguana.
The iguana is heavily wounded.
The wight hits you from afar with a +3 halberd!
* * * LOW HITPOINT WARNING * * *
The iguana closely misses you.
Unknown command.
You feel better.
The wight hits you from afar with a +3 halberd!
* * * LOW HITPOINT WARNING * * *
You feel drained.
You die...

##..##..#
#..# #...
#..#.# ##
#..#.#####
#........#
#z.#####.#
#zz......
#l#######
#@#
#.......#
#.......#
#.......#
#.......#
######..#
##.. #.


You could see an iguana and 3 wights.

Vanquished Creatures
  Eustachio (D:5)
  A water moccasin (D:4)
  A black bear (D:6)
  2 phantoms
  A bullfrog (D:5)
  3 scorpions
  4 water moccasin zombies (Ossuary)
  2 jellies
  4 hounds
  2 orc priests
  An iguana (D:5)
  Ijyb (D:3)
  3 sleepcaps (D:6)
  Natasha (twice) (D:2)
  3 orc wizards
  2 mummies (Ossuary)
  4 gnolls (D:3)
  3 adders
  A shadow imp (D:5)
  An ufetubus (D:6)
  An adder zombie (Ossuary)
  4 worms
  2 dart slugs (D:2)
  26 orcs
  8 ball pythons
  6 endoplasms (D:1)
  4 goblins
  8 hobgoblins
  5 jackals
  A quokka (D:4)
  5 bats
  3 frilled lizards
  4 gnoll zombies (Ossuary)
  6 hobgoblin zombies (Ossuary)
  9 kobolds
  4 kobold zombies (Ossuary)
  7 orc zombies (Ossuary)
  6 rats
151 creatures vanquished.

Notes
Turn   | Place    | Note
-------+----------+-------------------------------------------
     0 | D:1      | Newt the Merfolk Gladiator began the quest for the Orb.
     0 | D:1      | Reached XP level 1. HP: 16/16 MP: 1/1
   225 | D:1      | Reached XP level 2. HP: 19/24 MP: 2/2
   580 | D:1      | You are sucked into a shaft and drop 1 floor!
   801 | D:1      | Reached XP level 3. HP: 30/30 MP: 3/3
  1144 | D:2      | Found a faded altar of an unknown god.
  1390 | D:2      | Identified the +3 falchion of Hizxitysa {pain, rPois Str+4}
  1663 | D:2      | Reached XP level 4. HP: 32/37 MP: 4/4
  1765 | D:2      | Reached skill level 5 in Polearms
  1836 | D:2      | Noticed Natasha
  1843 | D:2      | Killed Natasha
  2035 | D:2      | Noticed Natasha
  2042 | D:2      | Killed Natasha
  2043 | D:2      | Reached skill level 6 in Polearms
  2043 | D:2      | Reached XP level 5. HP: 35/42 MP: 5/5
  2987 | D:3      | Reached skill level 7 in Polearms
  3185 | D:3      | Reached XP level 6. HP: 19/48 MP: 6/6
  4023 | D:4      | Noticed Ijyb
  4038 | D:3      | Reached skill level 8 in Polearms
  4232 | D:3      | Killed Ijyb
  4457 | D:4      | Reached skill level 9 in Polearms
  4572 | D:4      | Reached XP level 7. HP: 27/54 MP: 7/7
  5358 | D:5      | Entered Level 5 of the Dungeon
  5391 | D:4      | Reached skill level 10 in Polearms
  5554 | D:4      | Reached skill level 5 in Dodging
  5709 | D:5      | Found a runed translucent gate.
  5709 | D:5      | Found a runed translucent gate.
  5771 | D:5      | Noticed Eustachio
  5814 | D:5      | Killed Eustachio
  5815 | D:5      | Reached XP level 8. HP: 9/60 MP: 8/8
  6226 | D:5      | Found a runed translucent gate.
  6226 | D:5      | Noticed SirDiesAlot's ghost (amateur OpVM)
  6527 | D:6      | Found a staircase to the Ecumenical Temple.
  6533 | Temple   | Entered the Ecumenical Temple
  6545 | Temple   | Became a worshipper of Hepliaklqana the Forgotten
  6576 | D:6      | Reached skill level 5 in Fighting
  6782 | D:6      | Found a sand-covered staircase.
  6790 | Ossuary  | Entered an ossuary
  7068 | D:6      | Gained mutation: Your spells are a little harder to cast,
                  | but a little more powerful. [potion of mutation]
  7068 | D:6      | Gained mutation: Your body sometimes deteriorates upon
                  | taking damage. [potion of mutation]
  7068 | D:6      | Gained mutation: You have sharp fingernails. [potion of
                  | mutation]
  7068 | D:6      | Gained mutation: Your mind is acute. (Int +4, Str/Dex -1)
                  | [potion of mutation]
  7069 | D:6      | Lost mutation: You have sharp fingernails. [potion of
                  | mutation]
  7069 | D:6      | Lost mutation: Your mind is acute. (Int +4, Str/Dex -1)
                  | [potion of mutation]
  7069 | D:6      | Gained mutation: You possess an exceptional clarity of
                  | mind. [potion of mutation]
  7069 | D:6      | Gained mutation: Your movements are slightly less
                  | encumbered by armour. (ER -2) [potion of mutation]
  7070 | D:6      | Lost mutation: You possess an exceptional clarity of mind.
                  | [potion of mutation]
  7070 | D:6      | Lost mutation: Your body sometimes deteriorates upon taking
                  | damage. [potion of mutation]
  7070 | D:6      | Gained mutation: You are frail. (-10% HP) [potion of
                  | mutation]
  7160 | D:6      | Noticed a brown ugly thing
  7160 | D:6      | Noticed a shadow
  7220 | D:6      | HP: 2/60 [acid (9)]
  7264 | D:6      | Reached XP level 9. HP: 14/66 MP: 9/9
  7274 | D:6      | HP: 1/66 [wight/+3 halberd (11)]
  7274 | D:6      | Slain by a wight

Illustrated notes

Levels and vault maps discovered:
D:1:      minmay_arrival_arboretum_small, layout_basic
D:2:      layout_loops_corners, ebering_ecumenical_altar_abandoned,
          hangedman_feature_mirror, uniq_natasha
D:3:      layout_basic
D:4:      layout_basic, minmay_gold_behind_fungi,
          chequers_serial_rivers_large_b, uniq_ijyb
D:5:      layout_cave_pools, ebering_ghost_rock_garden, uniq_eustachio
D:6:      minmay_skewed_foursquare, layout_basic,
          minmay_temple_entry_statues_fountains, chequers_ossuary_entry_cave,
          uniq_pikel
Temple:   nicolae_temple_the_god_donut

Skill      XL: |  1  2  3  4  5  6  7  8 |
---------------+-------------------------+-----
Fighting       | 3 4 7 |  7.9
Polearms       | 6 7 9 10 | 10.0
Dodging        | 7 8 |  8.0
Throwing       | |  2.0

Action                     |  1- 3 |  4- 6 |  7- 9 || total
---------------------------+-------+-------+-------++-------
  Melee: Trident           |   108 |   224 |   391 ||   723
         Punch             |       |     1 |     7 ||     8
  Throw: Throwing net      |       |     4 |     1 ||     5
  Evoke: Wand              |       |       |     2 ||     2
    Use: Scroll            |     6 |     1 |     8 ||    15
         Potion            |       |       |     8 ||     8
   Stab: Sleeping          |     5 |       |     2 ||     7
         Held in net/web   |       |     2 |     2 ||     4
 Armour: Leather armour    |    33 |   131 |   186 ||   350
  Dodge: Dodged            |    60 |   137 |   232 ||   429

Table legend: (Time is in decaauts)
 A = Elapsed time spent in this place.
 B = Non-inter-level travel time spent in this place.
 C = Inter-level travel time spent in this place.
 D = Time resting spent in this place.
 E = Time spent auto-exploring this place.
 F = Levels seen in this place.
 G = Mean time per level.
                   A        B        C        D        E       F      G
               +--------+--------+--------+--------+--------+-----+--------+
         Total |   7173 |   6858 |    315 |   2124 |   3461 |   8 |  896.6 |
       Dungeon |   6941 |   6649 |    292 |   2124 |   3376 |   6 | 1156.8 |
        Temple |     24 |      1 |     23 |      0 |      0 |   1 |   24.0 |
       Ossuary |    206 |    206 |      0 |      0 |     85 |   1 |  206.0 |
               +--------+--------+--------+--------+--------+-----+--------+

Top non-repeatable levels by time:
     D:2: 2116 daAuts
     D:3: 1273 daAuts
     D:4: 1227 daAuts
     D:1: 987 daAuts
     D:5: 870 daAuts
     D:6: 466 daAuts
 Ossuary: 206 daAuts
  Temple: 24 daAuts
